 Dungeon Crawl Stone Soup version 0.30-a0-824-g6c64550be9 (webtiles) character file.

Game seed: 16525950332152338744

1450 Pimp the Trooper (level 8, -4/64 HPs)
             Began as a Demonspawn Berserker on Feb 27, 2023.
             Was an Elder of Trog.
             Slain by a vampire (6 damage)
             ... on level 6 of the Dungeon.
             The game lasted 00:09:50 (5207 turns).

Pimp the Trooper (Demonspawn Berserker)             Turns: 5207, Time: 00:09:51

Health: -4/64      AC: 12    Str: 19    XL:     8   Next: 47%
Magic:  8/8        EV:  9    Int:  8    God:    Trog [****..]
Gold:   303        SH:  0    Dex: 14    Spells: 7/7 levels left

rFire   . . .      SeeInvis .    i - +2 hand axe (drain)
rCold   . . .      Faith    .    (no shield)
rNeg    . . .      Spirit   .    g - +0 chain mail
rPois   .          Reflect  .    (helmet restricted)
rElec   .          Harm     .    o - +0 cloak
rCorr   .          Rampage  .    r - +1 Delatra's gloves {ID++}
Will    .....                    (no boots) Stlth
                                 (no amulet)
HPRegen 0.30/turn                (no ring)
MPRegen 0.11/turn                (no ring)

@: corroded, on berserk cooldown, slowed, very slow
A: horns 1, yellow scales 2, powered by death 2
a: Renounce Religion, Berserk, Trog's Hand, Brothers in Arms


You were on level 6 of the Dungeon.
You worshipped Trog.
Trog was greatly pleased with you.
You visited 1 branch of the dungeon, and saw 6 of its levels.

You collected 303 gold pieces.

Inventory:

Hand Weapons
 a - a +1 hand axe
 i - a +2 hand axe of draining (weapon)
 k - the +0 mace of Iseam {heavy, rElec rPois Dex+4}
   (You found it on level 2 of the Dungeon)

   Dex:       It affects your dexterity (+4).
   rElec:     It insulates you from electricity.
   rPois:     It protects you from poison.
Armour
 b - a +0 animal skin
 g - a +0 chain mail (worn)
 o - a +0 cloak (worn)
 r - the +1 Delatra's gloves (worn) {ID++}
   (You found it on level 4 of the Dungeon)

   ID++:      It heals its wearer when they drink unknown potions, and restores
   their MP when they read unknown scrolls.
Scrolls
 c - a scroll of magic mapping
 d - 7 scrolls of teleportation
 e - 4 scrolls of identify
 p - a scroll of fog
 w - a scroll of fear {unknown}
 x - a scroll of immolation {unknown}
 y - a scroll of enchant weapon
Potions
 f - 5 potions of attraction
 h - 2 potions of resistance
 j - 3 potions of flight
 l - a potion of degeneration {unknown}
 m - 2 potions of brilliance {unknown}
 n - 2 potions of curing {unknown}
 q - 3 potions of magic
 s - 2 potions of heal wounds {unknown}
 t - a potion of ambrosia {unknown}
 u - 3 potions of haste {unknown}
 v - a potion of invisibility {unknown}


   Skills:
 + Level 6.0 Fighting
 + Level 5.4 Axes
 + Level 5.1 Armour
 + Level 5.1 Dodging


You had 7 spell levels left.
You didn't know any spells.
Your spell library was empty.

Dungeon Overview and Level Annotations

Branches:
Dungeon (6/15)             Temple (0/1) D:5

Altars:
Ashenzari
Cheibriados
Dithmenos
Hepliaklqana
Kikubaaqudgha

Shops:
D:1 ?   D:3 *


Innate Abilities, Weirdness & Mutations

You have a pair of small horns on your head.
You are mostly covered in yellow scales. (AC +3)
You regenerate health from kills.


Message History

The centaur shoots an arrow.
A red film seems to cover your vision as you go berserk!
You feel yourself moving faster!
You feel mighty!
You hear some strange, mumbled words.
You are confused.
The centaur shoots an arrow.
You're too confused to move!
You feel a strong urge to attack something.
The centaur shoots an arrow.
Something hits you but does no damage. Something bites you but does no damage.
You miss something. Your headbutt misses something.
The centaur shoots an arrow.
Something hits you but does no damage. Something bites you but does no damage.
You bump into the rock wall.
The centaur shoots an arrow.
You slash something!
The centaur shoots an arrow.
Something hits you but does no damage. Something bites you but does no damage.
The centaur shoots an arrow.
The arrow hits you.
You barely miss something. Your headbutt misses something.
Something draws life force from you!!
* * * LOW HITPOINT WARNING * * *
The centaur shoots an arrow.
You bump into the granite statue.
You feel a strong urge to attack something.
Something unseen breaks down the door.
You miss something. Something hits you but does no damage. Something bites you.
* * * LOW HITPOINT WARNING * * *
Something draws strength from your injuries!
You completely miss something. Your headbutt misses something.
The centaur shoots an arrow.
The arrow hits you.
* * * LOW HITPOINT WARNING * * *
You are too berserk!
The centaur shoots an arrow.
The arrow completely misses you.
You feel a strong urge to attack something.
You feel less confused.
You are no longer berserk.
You are exhausted.
You feel yourself slow down.
The centaur shoots an arrow.
The arrow barely misses you. Something hits you.
* * * LOW HITPOINT WARNING * * *
Something bites you.
You die...

#..######..##########............
#..## ##.#.###### #############
....######...##...# #..+
..............#.8.+#...#
.#.###........#...#...#
..............#...#).#
##.###.##.....'.8.'#
.......##.....#).{#J#
......)#......#.@.#..#
.....#...#....#.8.c##..
.....#........#...## .##
............####### #############
.##.#####....## ##........#... .#
.# ##.....# #.............
.##.####....#.######.............
.##.##........#...##.............
.......##..........#.............


You could see a centaur.

Vanquished Creatures
  An orc warrior (D:4)
  3 ogres
  A phantom (D:5)
  A kobold brigand (D:6)
  A bullfrog (D:6)
  3 scorpions
  The ghost of TheSexyCheese the Shield-Bearer, a weakling TrFi (D:3)
  A howler monkey (D:5)
  A hound (D:6)
  2 orc priests
  2 jellies
  Jessica (D:3)
  3 iguanas
  5 orc wizards
  Robin (D:3)
  4 adders
  4 gnolls (D:6)
  A shadow imp (D:5)
  A white imp (D:5)
  2 dart slugs (D:1)
  4 worms
  32 orcs
  5 bats
  9 endoplasms
  A giant cockroach (D:3)
  9 goblins
  9 hobgoblins
  6 jackals
  11 kobolds
  4 quokkas
  5 ball pythons
  2 frilled lizards (D:1)
  7 rats
143 creatures vanquished.

Notes
Turn   | Place    | Note
-------+----------+-------------------------------------------
     0 | D:1      | Pimp the Demonspawn Berserker began the quest for the Orb.
     0 | D:1      | Reached XP level 1. HP: 18/18 MP: 1/1
    98 | D:1      | Gained mutation: You are partially covered in yellow
                  | scales. (AC +2) [demonic ancestry]
    98 | D:1      | Reached XP level 2. HP: 24/24 MP: 2/2
   306 | D:1      | Reached ** piety under Trog
   397 | D:1      | Gained mutation: You have a pair of small horns on your
                  | head. [demonic ancestry]
   397 | D:1      | Reached XP level 3. HP: 20/29 MP: 3/3
   470 | D:1      | Found Lostu's Magic Scroll Shop.
  1126 | D:2      | Found a faded altar of an unknown god.
  1268 | D:2      | Identified the +0 mace of Iseam {heavy, rElec rPois Dex+4}
  1768 | D:3      | Gained mutation: You regenerate a little health from kills.
                  | [demonic ancestry]
  1768 | D:3      | Reached XP level 4. HP: 35/35 MP: 4/4
  1810 | D:3      | Found an ancient bone altar of Kikubaaqudgha.
  1822 | D:3      | Noticed TheSexyCheese's ghost (weakling TrFi)
  1825 | D:3      | Found a runed translucent door.
  1991 | D:3      | Found Jeuggikh's Assorted Antiques.
  2068 | D:3      | Noticed Jessica
  2077 | D:3      | Killed Jessica
  2273 | D:3      | Found a hazy altar of Hepliaklqana.
  2273 | D:3      | Found a broken altar of Ashenzari.
  2630 | D:3      | Noticed Robin
  2647 | D:3      | Killed Robin
  2673 | D:3      | Identified the +6 mace of Rubbish {heavy, Str+2}
  2694 | D:3      | Gained mutation: You regenerate health from kills. [demonic
                  | ancestry]
  2694 | D:3      | Reached XP level 5. HP: 42/42 MP: 5/5
  2707 | D:3      | Reached skill level 4 in Fighting
  2717 | D:3      | Reached *** piety under Trog
  2841 | D:3      | Killed TheSexyCheese's ghost
  3107 | D:4      | Gained mutation: You are mostly covered in yellow scales.
                  | (AC +3) [demonic ancestry]
  3107 | D:4      | Reached XP level 6. HP: 17/48 MP: 6/6
  3423 | D:4      | You fall into a shaft and drop 1 floor!
  3423 | D:5      | Entered Level 5 of the Dungeon
  3514 | D:5      | Reached XP level 7. HP: 55/55 MP: 7/7
  3646 | D:4      | Reached skill level 5 in Fighting
  3669 | D:4      | Found the +1 Delatra's gloves {ID++}
  4120 | D:5      | Found a staircase to the Ecumenical Temple.
  4795 | D:6      | Found a shadowy altar of Dithmenos.
  4800 | D:6      | Reached **** piety under Trog
  4841 | D:6      | Reached XP level 8. HP: 61/63 MP: 8/8
  4842 | D:6      | Reached skill level 5 in Axes
  4978 | D:6      | Found a snail-covered altar of Cheibriados.
  5184 | D:6      | Reached skill level 6 in Fighting
  5184 | D:6      | Reached skill level 5 in Armour
  5184 | D:6      | Reached skill level 5 in Dodging
  5205 | D:6      | HP: 4/96 [centaur/arrow (6)]
  5207 | D:6      | Slain by a vampire

Illustrated notes

Levels and vault maps discovered:
D:1:      dpeg_arrival_shrine, layout_loops_ring, serial_shops,
          nicolae_shop_trees, st_stairs_9, glass_columns_b, chequers_avenue,
          wander_ebering_terrifying_dragon_lair
D:2:      layout_basic, shapermc_ecumenical_altar_mp_urbaneastern
D:3:      layout_basic, mainiacjoe_overflow_paths,
          nicolae_overflow_crystal_walls, amethyst_overflow_temple_binary,
          hellmonk_ghost_happy_afterlife, serial_shops, shop, minivault_25,
          minmay_misc_feat_doors, kennysheep_jessica_study, uniq_robin
D:4:      layout_basic, pf_guarded_unrand_delatra
D:5:      layout_cave_pods, minmay_temple_entry_overgrown
D:6:      minmay_chambers_of_threes, layout_rooms,
          mainiacjoe_overflow_concentric_impassable, slow_altar_1

Skill      XL: |  1  2  3  4  5  6  7  8 |
---------------+-------------------------+-----
Armour         | 2 3 4 5 |  5.1
Dodging        | 2 3 4 5 |  5.1
Axes           | 3 4 5 |  5.4
Fighting       | 4 5 6 |  6.0

Action                     |  1- 3 |  4- 6 |  7- 9 || total
---------------------------+-------+-------+-------++-------
  Melee: Hand axe          |   111 |   171 |   152 ||   434
         Punch             |     1 |     1 |     2 ||     4
         Headbutt          |    10 |    26 |    32 ||    68
 Invoke: Berserk           |       |     1 |     1 ||     2
    Use: Scroll            |       |    13 |       ||    13
   Stab: Sleeping          |     3 |       |       ||     3
 Armour: Animal skin       |    19 |       |       ||    19
         Chain mail        |    29 |   119 |   119 ||   267
  Dodge: Dodged            |    58 |    85 |    78 ||   221

Table legend: (Time is in decaauts)
 A = Elapsed time spent in this place.
 B = Non-inter-level travel time spent in this place.
 C = Inter-level travel time spent in this place.
 D = Time resting spent in this place.
 E = Time spent auto-exploring this place.
 F = Levels seen in this place.
 G = Mean time per level.
                   A        B        C        D        E       F      G
               +--------+--------+--------+--------+--------+-----+--------+
         Total |   5259 |   5063 |    196 |    491 |   3459 |   6 |  876.5 |
       Dungeon |   5259 |   5063 |    196 |    491 |   3459 |   6 |  876.5 |
               +--------+--------+--------+--------+--------+-----+--------+

Top non-repeatable levels by time:
     D:3: 1277 daAuts
     D:5: 977 daAuts
     D:1: 964 daAuts
     D:4: 843 daAuts
     D:2: 774 daAuts
     D:6: 422 daAuts
